 Dungeon Crawl Stone Soup version 0.29.0-4-gdea44cf6ec (webtiles) character file.

Game seed: 4031521200455750582

63 qw the Chopper (level 4, 0/26 HPs)
             Began as a Tengu Warper on Aug 28, 2022.
             Succumbed to an adder's poison
             ... on level 2 of the Dungeon.
             The game lasted 00:00:07 (1481 turns).

qw the Chopper (Tengu Warper)                       Turns: 1481, Time: 00:00:07

Health: 0/26       AC:  6    Str: 14    XL:     4   Next: 10%
Magic:  8/8        EV:  9    Int: 13    God:
Gold:   56         SH:  0    Dex: 13    Spells: 7/7 levels left

rFire   . . .      SeeInvis .   Y - +0 hand axe
rCold   . . .      Faith    .   (no shield)
rNeg    . . .      Spirit   .   i - +0 scale mail
rPois   .          Reflect  .   (helmet restricted)
rElec   .          Harm     .   (no cloak)
rCorr   .          Rampage  .   (no gloves)
Will    .....                   (boots unavailable)
Stlth   ..........              (no amulet)
HPRegen 0.08/turn               (no ring)
MPRegen 0.11/turn               (no ring)

@: lethally poisoned (0 -> -7)
A: beak, talons 3
a: no special abilities


You were on level 2 of the Dungeon.
You visited 1 branch of the dungeon, and saw 2 of its levels.

You collected 56 gold pieces.


Innate Abilities, Weirdness & Mutations

You have a beak for a mouth.
You have claws for feet.


   Skills:
 - Level 2.0 Fighting
 + Level 4.7 Axes
 - Level 1.0 Throwing
 - Level 1.1 Armour
 - Level 2.1 Dodging
 - Level 2.0 Spellcasting
 - Level 2.4 Translocations


You had 7 spell levels left.
You didn't know any spells.
Your spell library contained the following spells:

 Spells                   Type           Power      Damage    Failure   Level
 Blink                    Tloc           14%        N/A       54%         2
 Gell's Gravitas          Tloc           7%         N/A       77%         3
 Lesser Beckoning         Tloc           7%         N/A       77%         3
 Teleport Other           Tloc           7%         N/A       77%         3
 Manifold Assault         Tloc           7%         N/A       100%        5

Inventory:

Hand Weapons
 b - a +0 flail of holy wrath
 Y - a +0 hand axe (weapon)
Missiles
 k - 4 javelins (quivered)
Armour
 i - a +0 scale mail (worn)
Scrolls
 c - a scroll of identify
Potions
 a - a potion of berserk rage {unknown}
 f - 2 potions of curing {unknown}

Dungeon Overview and Level Annotations

Branches:
Dungeon (2/15)

Altars:

Annotations:
D:2 Sigmund


Message History

Sigmund shouts!
The adder hisses angrily.
You hear an angry hiss.
The adder moves out of view.
1471 ||| Stepping ~*~*~tactically~*~*~ (hiding).
You start waiting.
An adder is nearby!
You miss the adder. Your kick misses the adder. Your peck misses the adder.
The adder bites you.
You are poisoned.
The adder poisons you!
You hit the adder.
The adder is lightly wounded.
You feel sick. The adder closely misses you.
Sigmund screams, "Don't try to resist!"
Sigmund hits you but does no damage.
You hit the adder. Your kick misses the adder.
The adder is moderately wounded.
You feel sick. The adder bites you but does no damage.
Sigmund hits you from afar with a +1 scythe of freezing!
Sigmund freezes you. The adder bites you but does no damage.
You barely miss the adder. Your kick misses the adder.
The adder is moderately wounded.
You feel sick. The adder barely misses you.
Sigmund hits you but does no damage.
You slash the adder! Your kick misses the adder.
The adder is almost dead.
You feel sick. The adder bites you. The adder barely misses you.
You hit the adder but do no damage. Your kick misses the adder.
Your peck misses the adder.
The adder is almost dead.
You feel sick. Sigmund closely misses you.
The adder bites you but does no damage.
You miss the adder.
The adder is almost dead.
You feel sick.
You are no longer poisoned.
The adder bites you.
You are lethally poisoned!
The adder poisons you! Sigmund closely misses you.
You miss the adder.
The adder is almost dead.
You die...

###.....#.###
....###.....+
###'#####...#
.....######.##+####
..........#.<#.....
............%^......
.....####.#..#####..
.....# #.#......#
.....## #.....##@#
......# ####..##S#
###.[.# #.....@..#
#...# #.....##.@...
#...# #.##### .##.
##### #.# .# ### #


You could see Sigmund and an adder.

Vanquished Creatures
  Terence (D:2)
  A worm (D:2)
  2 dart slugs (D:1)
  An endoplasm (D:1)
  A giant cockroach (D:1)
  4 goblins (D:1)
  4 hobgoblins (D:1)
  2 quokkas (D:1)
  6 ball pythons
  4 bats (D:1)
  2 frilled lizards (D:1)
  A rat (D:2)
29 creatures vanquished.

Notes
Turn   | Place    | Note
-------+----------+-------------------------------------------
     0 | D:1      | qw the Tengu Warper began the quest for the Orb.
     0 | D:1      | Reached XP level 1. HP: 12/12 MP: 4/4
     0 | D:1      | 0 ||| qw: Version: 0.1-a-89-g26bdef1
     0 | D:1      | 0 ||| qw: Game counter: 796
     0 | D:1      | 0 ||| qw: Always use a shield: true
     0 | D:1      | 0 ||| qw: God list: Okawaru
     0 | D:1      | 0 ||| qw: Allow faded altars: false
     0 | D:1      | 0 ||| qw: Do Orc after D:15 true
     0 | D:1      | 0 ||| qw: Do second Lair branch before Depths: true
     0 | D:1      | 0 ||| qw: Lair rune preference: random
     0 | D:1      | 0 ||| qw: Plans: Normal
     0 | D:1      | 0 ||| PLANNING D:1-11
    26 | D:1      | 26 ||| Stepping ~*~*~tactically~*~*~ (stealth).
    31 | D:1      | 31 ||| Stepping ~*~*~tactically~*~*~ (stealth).
    33 | D:1      | 33 ||| Stepping ~*~*~tactically~*~*~ (stealth).
    35 | D:1      | 35 ||| Stepping ~*~*~tactically~*~*~ (stealth).
    37 | D:1      | 37 ||| Stepping ~*~*~tactically~*~*~ (stealth).
    93 | D:1      | Reached XP level 2. HP: 17/17 MP: 6/6
   100 | D:1      | Reached skill level 3 in Axes
   187 | D:1      | 187 ||| Stepping ~*~*~tactically~*~*~ (hiding).
   289 | D:1      | 289 ||| Stepping ~*~*~tactically~*~*~ (hiding).
   694 | D:1      | Reached XP level 3. HP: 21/21 MP: 7/7
   793 | D:1      | Found a faded altar of an unknown god.
  1061 | D:1      | 1061 ||| UPGRADING to +0 ring mail.
  1071 | D:1      | 1071 ||| DROPPING +0 leather armour.
  1072 | D:1      | 1072 ||| UPGRADING to +0 scale mail.
  1082 | D:1      | 1082 ||| DROPPING +0 ring mail.
  1083 | D:1      | 1083 ||| READING scroll labelled VUHYNAMNOIR.
  1084 | D:1      | 1084 ||| READING scroll labelled XOPSABLEIT.
  1085 | D:1      | 1085 ||| READING scroll labelled BAGAMIOJINY.
  1086 | D:1      | 1086 ||| DROPPING scroll of blinking.
  1128 | D:2      | 1128 ||| STAIRDANCE
  1131 | D:1      | Reached skill level 4 in Axes
  1211 | D:2      | Noticed Terence
  1218 | D:2      | Killed Terence
  1219 | D:2      | Reached XP level 4. HP: 10/26 MP: 8/8
  1411 | D:2      | 1411 ||| DROPPING +0 club.
  1470 | D:2      | Noticed Sigmund
  1471 | D:2      | 1471 ||| Stepping ~*~*~tactically~*~*~ (hiding).
  1479 | D:2      | HP: 6/26 [poisoned by an adder]
  1480 | D:2      | HP: 2/26 [adder (3)]
  1481 | D:2      | Succumbed to an adder's poison

Levels and vault maps discovered:
D:1:      ncdulo_watergridlock, layout_basic, shapermc_ecumenical_altar_petra
D:2:      layout_basic, reono_crystal_passage, chequers_serial_rivers_marsh,
          uniq_terence, uniq_robin, uniq_sigmund

Skill      XL: |  1  2  3 |
---------------+----------+-----
Axes           | 3 4 |  4.7
Fighting       | |  2.0
Throwing       | |  1.0
Armour         | |  1.1
Dodging        | |  2.1
Spellcasting   | |  2.0
Translocations | |  2.4

Action                   |  1- 3 |  4- 6 || total
-------------------------+-------+-------++-------
Melee: Hand axe          |    51 |     8 ||    59
       Kick              |    15 |       ||    15
       Peck              |    11 |       ||    11
Throw: Boomerang         |     7 |       ||     7
       Javelin           |    10 |       ||    10
  Use: Scroll            |     3 |       ||     3
Armor: Leather armour    |     7 |       ||     7
       Scale mail        |     3 |     5 ||     8
Dodge: Dodged            |    21 |     5 ||    26

Table legend:
 A = Non-vault XP
 B = Vault XP
 C = Vault XP percentage of total XP
 D = Non-vault monster count
 E = Vault monster count
 F = Vault count percentage of total count
                 A         B        C        D         E       F
            +---------+---------+-------+---------+---------+-------
      Total |      55 |      36 |  39.6 |      28 |       1 |   3.4
            +---------+---------+-------+---------+---------+-------
        D:1 |      46 |       0 |   0.0 |      24 |       0 |   0.0
        D:2 |       9 |      36 |  80.0 |       4 |       1 |  20.0
            +---------+---------+-------+---------+---------+-------
